 Dungeon Crawl Stone Soup version 0.22.0-13-g43fe8f2 (webtiles) character file.

51 letownia2 the Insei (level 3, -8/26 HPs)
             Began as a Demonspawn Transmuter on Aug 16, 2018.
             Mangled by Crazy Yiuf
             ... wielding a +4 quarterstaff of chaos
              (12 damage)
             ... on level 2 of the Dungeon.
             The game lasted 00:03:02 (593 turns).

letownia2 the Insei (Demonspawn Transmuter)          Turns: 593, Time: 00:03:03

Health: -8/26      AC:  2    Str: 11    XL:     3   Next: 57%
Magic:  1/6        EV: 19    Int: 14    God:
Gold:   147        SH:  0    Dex: 18    Spells: 0/6 levels left

rFire    . . .     SeeInvis .     - Unarmed
rCold    . . .     Gourm    .   (shield currently unavailable)
rNeg     . . .     Faith    .   (armour currently unavailable)
rPois    x         Spirit   .   (helmet currently unavailable)
rElec    .         Reflect  .   (cloak currently unavailable)
rCorr    .         Harm     .   (gloves currently unavailable)
MR       .....                  (boots currently unavailable)
Stlth    ++........             (no amulet)
HPRegen  0.08/turn              (no ring)
MPRegen  0.10/turn              (no ring)

@: spider-form (expiring)
A: tiny, powered by death 1
a: End Transformation


You were on level 2 of the Dungeon.
You were not hungry.
You were a venomous arachnid creature.
You visited 1 branch of the dungeon, and saw 2 of its levels.

You collected 147 gold pieces.

Inventory:

Missiles
 a - 10 arrows
 c - 30 sling bullets
Armour
 b - a +0 robe
 h - a +0 leather armour (melded)
Scrolls
 e - 2 scrolls of identify {unknown}
 g - a scroll of enchant weapon {unknown}
 i - a scroll of immolation {unknown}
Potions
 f - a potion of lignification {unknown}
Comestibles
 d - 4 rations


   Skills:
 + Level 1.4 Fighting
 - Level 1.7 Dodging
 - Level 4.0 Unarmed Combat
 - Level 2.0 Spellcasting
 - Level 1.7 Transmutations


You couldn't memorise any spells.
You knew the following spells:

 Your Spells              Type           Power        Failure   Level  Hunger
a - Beastly Appendage     Tmut           #.....       28%         1    ##.....
l - Sticks to Snakes      Tmut           #.......     36%         2    ###....
p - Spider Form           Tmut/Pois      #.........   67%         3    ####...

Your spell library contained the following spells:

 Spells                   Type           Power        Failure   Level  Hunger
 Blade Hands              Tmut           #.........   99%         5    ######.
 Ice Form                 Ice/Tmut       #.......     95%         4    #####..


Dungeon Overview and Level Annotations

Branches:
Dungeon (2/15)

Altars:

Annotations:
D:2 Crazy Yiuf


Innate Abilities, Weirdness & Mutations

You regenerate a little health from kills.
((You are partially covered in sharp spines.))


Message History

Crazy Yiuf whimpers, "Ghoul snail bag!"
There is an open door here.
You hit Crazy Yiuf.
Crazy Yiuf is poisoned.
Crazy Yiuf is lightly wounded.
Crazy Yiuf hits you with a quarterstaff of chaos.
Crazy Yiuf burns you.
You hit Crazy Yiuf but do no damage.
Crazy Yiuf is lightly wounded.
Crazy Yiuf completely misses you.
You hit Crazy Yiuf.
Crazy Yiuf looks as sick as possible!
Crazy Yiuf is moderately wounded.
Crazy Yiuf hits you with a quarterstaff of chaos!
You convulse!
* * * LOW HITPOINT WARNING * * *
Your magical contamination has completely faded away.
Unknown command.
You barely miss Crazy Yiuf.
Crazy Yiuf is heavily wounded.
Crazy Yiuf hits you with a quarterstaff of chaos!
You die...

##..## #.#####
#... #.PPP#
#.....# #...
#...## ##....#
#... ##.##
#....# #...
#.## ##..##
#... ##.# ##.##
###. #.## #..##
#.. ##.# #...#
#.† #s# #.#.#
#.. #.g.# #.#.#
#.. #...#
###.#.###..
#..)#
#..........
#####
#.#÷.#.#(..
##÷.###)....
###....#......
##.<...........
#.............#


You could see Crazy Yiuf.

Vanquished Creatures
  Jessica (D:2)
  An adder (D:2)
  A bat (D:2)
  A bat zombie (D:2)
  A goblin (D:1)
  3 hobgoblins
  2 kobolds
  4 rats (D:2)
14 creatures vanquished.

Vanquished Creatures (collateral kills)
  A worm (D:2)
1 creature vanquished.

Grand Total: 15 creatures vanquished

Notes
Turn   | Place    | Note
-------+----------+-------------------------------------------
     0 | D:1      | letownia2 the Demonspawn Transmuter began the quest for the Orb.
     0 | D:1      | Reached XP level 1. HP: 15/15 MP: 3/3
   119 | D:1      | Reached skill level 3 in Unarmed Combat
   225 | D:2      | Gained mutation: You regenerate a little health from kills. [demonic ancestry]
   225 | D:2      | Reached XP level 2. HP: 21/21 MP: 3/5
   290 | D:2      | Found a runed door.
   294 | D:2      | Learned a level 2 spell: Sticks to Snakes
   382 | D:2      | Noticed Jessica
   393 | D:2      | Killed Jessica
   393 | D:2      | Reached skill level 4 in Unarmed Combat
   393 | D:2      | Gained mutation: You are partially covered in sharp spines. [demonic ancestry]
   393 | D:2      | Reached XP level 3. HP: 15/26 MP: 4/6
   446 | D:2      | Learned a level 3 spell: Spider Form
   588 | D:2      | Noticed Crazy Yiuf
   593 | D:2      | Mangled by Crazy Yiuf

Skill      XL: |  1  2 |
---------------+-------+-----
Unarmed Combat | 3 4 |  4.0
Fighting       | |  1.4
Dodging        | |  1.7
Spellcasting   | |  2.0
Transmutations | |  1.7

Action                   || total
-------------------------++-------
Melee: Unarmed           ||    44
       Kick              ||     1
       Headbutt          ||     4
 Cast: Beastly Appendage ||    11
       Sticks to Snakes  ||     2
       Spider Form       ||     1
Armor: Robe              ||     9
       Leather armour    ||     1
Dodge: Dodged            ||    21
